AoeStats
← Rodrigo Lao Tse

Arabia

510551086Analyzed
1v1 RM · 15h ago on Oct 1, 2026· 53m 23s· 2 players
Game mode
Random Map
Map size
Tiny (2 player)
Population
200
Speed
Normal
Resources
Standard
Victory
Conquest
Starting age
Dark Age
Ending age
Imperial Age
RankedLock teamsTeams togetherTeam positionsShared explorationLock speedFull tech treeHidden civsTurbo modeCheats
Victory
Defeat
🇨🇱 Maya · Chile
802
+17
🇬🇧 Vietnamese · United Kingdom
822
-44
Rodrigo Lao Tse
0:27 Loom
9:24 Feudal Age
10:21 Double-Bit Axe
12:12 Horse Collar
22:15 Castle Age
20:11 Gold Mining
22:28 Wheelbarrow
22:36 Pikeman
22:40 Elite Skirmisher
24:01 Town Watch
24:20 Heavy Plow
30:34 Scale Mail Armor
30:34 Padded Archer Armor
32:07 Bow Saw
34:42 Hand Cart
35:00 Guard Tower
34:51 Eagle Warrior
35:50 Squires
41:23 Imperial Age
41:18 Chain Mail Armor
41:14 Forging
40:31 Crossbowman
41:49 Capped Ram
42:50 Elite Eagle Warrior
44:24 Keep
44:10 Ballistics
44:54 Chemistry
45:05 Plate Mail Armor
45:11 Iron Casting
48:00 Holcans
49:52 Blast Furnace
48:32 Siege Ram
52:55 Conscription
Mopatop's shop
7:50 Loom
11:04 Feudal Age
12:14 Double-Bit Axe
15:50 Horse Collar
20:09 Padded Archer Armor
20:00 Fletching
23:38 Castle Age
22:32 Man-at-Arms
24:32 Heavy Plow
24:38 Bodkin Arrow
25:24 Crossbowman
26:47 Gold Mining
26:29 Elite Skirmisher
29:07 Bow Saw
31:19 Wheelbarrow
30:30 Town Watch
31:09 Leather Archer Armor
31:00 Stone Mining
35:36 Thumb Ring
39:26 Imperial Age
37:52 Hand Cart
40:10 Murder Holes
41:17 Chemistry
40:26 Arbalester
40:28 Imperial Skirmisher
42:10 Paper Money
43:15 Ring Archer Armor
50:07 Two-Man Saw
49:46 Stone Shaft Mining
Connection lost

Rejoining the realm…

Still unreachable

The connection could not be restored.

Session expired

The server has moved on; the page needs a fresh start.